 Dungeon Crawl Stone Soup version 0.30-a0-743-gbfdf073431 (webtiles) character file.

Game seed: 2026384173482151985

299 kingofthe the Magician (level 6, -13/36 HPs)
             Began as an Octopode Conjurer on Feb 8, 2023.
             Mangled by an ogre
             ... wielding a +0 giant spiked club
              (23 damage)
             ... on level 5 of the Dungeon.
             The game lasted 00:09:24 (4555 turns).

kingofthe the Magician (Octopode Conjurer)          Turns: 4555, Time: 00:09:25

Health: -13/36     AC:  1    Str:  6    XL:     6   Next: 36%
Magic:  8/13       EV: 13    Int: 21    God:
Gold:   250        SH:  0    Dex: 12    Spells: 7/14 levels left

rFire   . . .      SeeInvis .    (no weapon)
rCold   . . .      Faith    .    (no shield)
rNeg    . . .      Spirit   .    (helmet restricted)
rPois   .          Reflect  .    (no amulet)
rElec   .          Harm     .    (no ring)
rCorr   .          Rampage  .    (no ring)
Will    .....                    (no ring)
Stlth   +++                      (no ring)
HPRegen 0.26/turn                (no ring)
MPRegen 0.13/turn                (no ring)
                                 (no ring)
                                 (no ring)

@: very slightly contaminated
A: almost no armour, amphibious, 8 rings, camouflage 1, gelatinous body 1,
(nimble swimmer 1), tentacles
a: no special abilities


You were on level 5 of the Dungeon.
You visited 1 branch of the dungeon, and saw 5 of its levels.

You collected 250 gold pieces.

Inventory:

Jewellery
 q - an amulet of the acrobat
Wands
 n - a wand of mindburst (2)
Scrolls
 c - 5 scrolls of teleportation {unknown}
 d - a scroll of enchant weapon {unknown}
 e - 2 scrolls of acquirement {unknown}
 g - a scroll of silence {unknown}
 h - a scroll of noise {unknown}
 j - 5 scrolls of identify {unknown}
 k - a scroll of amnesia {unknown}
Potions
 a - a potion of magic
 b - a potion of resistance {unknown}
 f - a potion of attraction {unknown}
 i - 4 potions of mutation {unknown}
 l - a potion of curing {unknown}
 m - a potion of degeneration {unknown}
 o - a potion of brilliance {unknown}
 p - a potion of haste {unknown}


   Skills:
 + Level 2.9 Dodging
 + Level 4.1 Stealth
 + Level 4.6 Spellcasting
 + Level 4.5 Conjurations
 + Level 1.2 Hexes


You had 7 spell levels left.
You knew the following spells:

 Your Spells              Type           Power      Damage    Failure   Level
a - Magic Dart            Conj           92%        1d7       1%          1
b - Searing Ray           Conj           46%        2d6       2%          2
c - Slow                  Hex            40%        N/A       7%          1
d - Mephitic Cloud        Conj/Pois/Air  11%        N/A       19%         3

Your spell library contained the following spells:

 Spells                   Type           Power      Damage    Failure   Level
 Dazzling Flash           Conj/Hex       34%        N/A       11%         3
 Cigotuvi's Dreadful Rot  Necr/Pois/Air  8%         N/A       17%         2
 Poisonous Vapours        Pois/Air       8%         N/A       17%         2
 Confusing Touch          Hex            10%        N/A       21%         3
 Vampiric Draining        Necr           4%         2d6       34%         3
 Fulminant Prism          Conj/Hex       8%         3d7       34%         4
 Iskenderun's Mystic Bla  Conj/Tloc      14%        2d5       41%         4


Dungeon Overview and Level Annotations

Branches:
Dungeon (5/15)
 Temple: D:4-7

Altars:
Elyvilon
Makhleb
Qazlal
Trog
Yredelemnul

Shops:
D:2 [

Annotations:
D:4 exclusion: downstairs, Dowan, Duvessa
D:5 Menkaure


Innate Abilities, Weirdness & Mutations

You cannot wear most types of armour.
You are amphibious.
You can wear up to eight rings at the same time.
Your skin changes colour to match your surroundings (Stealth+).
Your rubbery body absorbs attacks. (AC +1, EV +1)
((You are camouflaged when in or above water. (Stealth+)))
You have tentacles for arms and can constrict up to eight enemies at once.


Message History

There is a stone staircase leading up here.
c - 5 scrolls labelled GUCAM FEVO (gained 1)
There is a stone staircase leading up here.
There is a stone staircase leading up here.
j - 5 scrolls labelled LATOME TUGI (gained 1)
An ogre comes into view. It is wielding a +0 giant spiked club.
The magic dart hits the ogre.
The ogre is lightly wounded.
Casting: Magic Dart (safe; 1% risk of failure)
Confirm with . or Enter, or press ? or * to list all spells.
Aiming: Slow (safe; 7% risk of failure)
Press: ? - help, Shift-Dir - straight line, f/p - ogre
Aim: an ogre, wielding a +0 giant spiked club (lightly wounded, chance to affect: 44%)
The ogre resists with some effort.
Casting: Slow (safe; 7% risk of failure)
Confirm with . or Enter, or press ? or * to list all spells.
Aiming: Slow (safe; 7% risk of failure)
Press: ? - help, Shift-Dir - straight line, f/p - ogre
Aim: an ogre, wielding a +0 giant spiked club (lightly wounded, chance to affect: 44%)
The ogre resists with some effort.
Casting: Slow (safe; 7% risk of failure)
Confirm with . or Enter, or press ? or * to list all spells.
Aiming: Slow (safe; 7% risk of failure)
Press: ? - help, Shift-Dir - straight line, f/p - ogre
Aim: an ogre, wielding a +0 giant spiked club (lightly wounded, chance to affect: 44%)
You miscast Slow.
You are very lightly contaminated with residual magic.
Nothing appears to happen.
Casting: Slow (safe; 7% risk of failure)
Confirm with . or Enter, or press ? or * to list all spells.
Aiming: Slow (safe; 7% risk of failure)
Press: ? - help, Shift-Dir - straight line, f/p - ogre
Aim: an ogre, wielding a +0 giant spiked club (lightly wounded, chance to affect: 44%)
The ogre resists with some effort.
The ogre hits you with a +0 giant spiked club!!
Ouch! That really hurt!
* * * LOW HITPOINT WARNING * * *
The ogre hits you with a +0 giant spiked club!!
Ouch! That really hurt!
You die...

#.##.....#
#.##.....#
#.##.....#
#.##....##
#.......#
#.##.#.##
#.##.#.#
#.#.#
#.##.#@#
#....O.#
####.###
... ###


You could see an ogre.

Vanquished Creatures
  A black bear (D:4)
  A centaur skeleton (D:4)
  Jessica (D:3)
  A hound zombie (D:4)
  A hound skeleton (D:4)
  3 gnolls (D:3)
  3 adders
  2 adder zombies (D:4)
  3 worms
  5 dart slugs
  An orc (D:3)
  3 endoplasms
  2 giant cockroaches (D:1)
  4 goblins
  6 hobgoblins
  6 kobolds
  A quokka (D:2)
  3 ball pythons
  3 bats
  5 frilled lizards
  A quokka zombie (D:4)
  4 rats
60 creatures vanquished.

Vanquished Creatures (others)
  A plant (D:1)
  A withered plant (D:4)
2 creatures vanquished.

Grand Total: 62 creatures vanquished

Notes
Turn   | Place    | Note
-------+----------+-------------------------------------------
     0 | D:1      | kingofthe the Octopode Conjurer began the quest for the
                  | Orb.
     0 | D:1      | Reached XP level 1. HP: 11/11 MP: 3/3
   143 | D:1      | Found a faded altar of an unknown god.
   385 | D:1      | Reached XP level 2. HP: 17/17 MP: 3/5
   513 | D:1      | Learned a level 2 spell: Searing Ray
   515 | D:1      | Learned a level 1 spell: Slow
  1312 | D:2      | Reached XP level 3. HP: 21/21 MP: 3/7
  1505 | D:2      | Found the +4 robe of Augmentation {Str+4 Int+4 Dex+4}
  1797 | D:2      | Learned a level 3 spell: Mephitic Cloud
  1798 | D:2      | Found Joleq's Antique Armour Shoppe.
  2483 | D:3      | Reached XP level 4. HP: 27/27 MP: 3/10
  2707 | D:3      | Noticed Jessica
  2710 | D:3      | Killed Jessica
  2890 | D:3      | Found a white marble altar of Elyvilon.
  3033 | D:3      | Reached XP level 5. HP: 31/31 MP: 4/11
  3496 | D:3      | Found a basalt altar of Yredelemnul.
  3779 | D:4      | Noticed a black bear
  3787 | D:4      | Killed a black bear
  3788 | D:4      | Reached XP level 6. HP: 36/36 MP: 1/12
  3927 | D:4      | Reached skill level 1 in Hexes
  3998 | D:4      | Found a stormy altar of Qazlal.
  4038 | D:4      | Found a bloodstained altar of Trog.
  4039 | D:4      | Found a burning altar of Makhleb.
  4306 | D:4      | Noticed Duvessa
  4306 | D:4      | Noticed Dowan
  4462 | D:5      | Entered Level 5 of the Dungeon
  4462 | D:5      | Noticed Menkaure
  4555 | D:5      | Mangled by an ogre

Illustrated notes

Levels and vault maps discovered:
D:1:      dpeg_arrival_rooms_a, layout_loops_corners, basic_ecumenical_altar,
          st_stairs_2, nrook_mini_backslash, serial_bayou_lake_a
D:2:      layout_basic, serial_shops, shop_statue, minivault_23,
          grunt_decor_clamped, dk_noncrumbling_2, dreamdust_wishing_well
D:3:      layout_basic, kennysheep_ying_yang, uniq_jessica
D:4:      minmay_razor_zed, layout_cave_pods, minitemple, serial_undead,
          serial_undead_e, serial_undead_a, serial_undead_d, serial_undead_c,
          serial_undead_b, serial_undead_b, serial_undead_b, uniq_grinder,
          uniq_duvessa
D:5:      layout_loops_cross, lemuel_round_altar,
          mainiacjoe_overflow_concentric_impassable, serial_shops,
          nicolae_shop_behind_doors, uniq_pikel, uniq_menkaure,
          uniq_crazy_yiuf_cottage

Skill      XL: |  1  2  3  4  5  6 |
---------------+-------------------+-----
Spellcasting   | 3 4 |  4.6
Stealth        | 3 4 |  4.1
Hexes          | 1 |  1.2
Dodging        | |  2.9
Conjurations   | |  4.5

Action                     |  1- 3 |  4- 6 || total
---------------------------+-------+-------++-------
  Melee: Unarmed           |     6 |       ||     6
         Constrict         |     2 |       ||     2
         Tentacles         |     1 |       ||     1
   Cast: Magic Dart        |    59 |    54 ||   113
         Searing Ray       |     6 |    12 ||    18
         Slow              |     1 |     5 ||     6
 Armour: Skin              |     4 |     3 ||     7
  Dodge: Dodged            |    13 |    22 ||    35

Table legend: (Time is in decaauts)
 A = Elapsed time spent in this place.
 B = Non-inter-level travel time spent in this place.
 C = Inter-level travel time spent in this place.
 D = Time resting spent in this place.
 E = Time spent auto-exploring this place.
 F = Levels seen in this place.
 G = Mean time per level.
                   A        B        C        D        E       F      G
               +--------+--------+--------+--------+--------+-----+--------+
         Total |   4556 |   4365 |    191 |    470 |   3508 |   5 |  911.2 |
       Dungeon |   4556 |   4365 |    191 |    470 |   3508 |   5 |  911.2 |
               +--------+--------+--------+--------+--------+-----+--------+

Top non-repeatable levels by time:
     D:3: 1501 daAuts
     D:2: 1168 daAuts
     D:1: 1114 daAuts
     D:4: 718 daAuts
     D:5: 54 daAuts
